Map: Dédale EC

Players

HoldTheDoor - Winner!

  • Race: Protoss Protoss
  • League: Diamond
  • Spawn Location: 7:00

Mahho

  • Race: Protoss Protoss
  • League: Diamond
  • Spawn Location: 1:00

VOD

Have the link to the VOD?

Description

Time

  • Played on: July 7, 2018, 7:54 a.m.
  • Length: 16:39
Show
View Real Time Build Order
Export as new Build Order

HoldTheDoor Protoss - Winner!

Build Orders: Oracle Opening 

Get SALT Encoding   

  12  0:00  Probe  
  13  0:13  Probe  
  14  0:19  Pylon  
  14  0:25  Probe  
  15  0:37  Probe  
  15  0:40  Gateway  
  16  0:50  Assimilator, Probe  
  16  1:05  Probe  
  16  1:08  Assimilator  
  16  1:10  Pylon  
  17  1:17  Probe  
  18  1:27  Probe  
  18  1:28  Cybernetics Core  
  19  1:35  Probe  
  20  1:45  Probe  
  21  1:57  Probe  
  21  1:59  Stalker  
  24  2:08  Shield Battery  
  24  2:13  Probe  
  24  2:14  Stargate  
  25  2:16  Warp Gate  
  25  2:25  Stalker, Probe  
  28  2:33  Pylon  
  28  2:38  Probe  
  29  2:48  Oracle  
  29  2:50  Probe  
  33  3:02  Probe  
  34  3:14  Probe  
  35  3:20  Nexus  
  35  3:21  Oracle  
  35  3:26  Probe  
  39  3:43  Pylon  
  39  3:48  Pylon  
  39  4:01  Probe  
  40  4:04  Void Ray  
  43  4:19  Probe  
  44  4:30  Stalker  
  46  4:31  Probe  
  46  4:33  Probe  
  48  4:44  Probe  
  48  4:45  Probe, Gateway  
  50  4:56  Probe  
  50  4:57  Probe  
  49  5:04  Stalker  
  48  5:07  Void Ray  
  48  5:08  Probe  
  48  5:13  Fleet Beacon  
  48  5:14  Probe  
  54  5:15  Pylon  
  54  5:17  Assimilator  
  54  5:20  Probe  
  55  5:29  Probe, Pylon  
  55  5:32  Probe  
  55  5:34  Stalker  
  59  5:43  Forge  
  59  5:44  Probe  
  60  5:50  Assimilator  
  60  5:51  Pylon  
  60  5:52  Probe  
  60  5:53  Stalker  
  60  5:55  Carrier  
  63  6:08  Protoss Air Weapons Level 1, Probe x2  
  71  6:20  Probe x2  
  71  6:22  Protoss Shields Level 1  
  73  6:28  Pylon  
  73  6:32  Probe x2  
  75  6:35  Pylon  
  74  6:44  Probe x2  
  74  6:45  Stalker x2  
  80  6:56  Probe  
  80  6:59  Photon Cannon  
  81  7:02  Photon Cannon  
  81  7:05  Probe, Photon Cannon  
  82  7:08  Probe  
  82  7:09  Photon Cannon  
  83  7:17  Probe, Carrier  
  83  7:20  Stalker  
  83  7:21  Stalker  
  88  7:23  Probe  
  95  7:31  Graviton Catapult  
  95  7:42  Pylon  
  95  7:45  Photon Cannon  
  95  7:53  Nexus  
  95  7:55  Probe x2  
  97  8:03  Protoss Ground Weapons Level 1  
  97  8:05  Stargate  
  97  8:07  Probe  
  97  8:08  Assimilator, Probe  
  99  8:23  Stalker x2  
  103  8:38  Shield Battery, Pylon  
  103  8:42  Pylon  
  103  8:43  Probe  
  103  8:46  Assimilator, Probe  
  105  8:48  Carrier  
  105  8:50  Stalker x2  
  115  9:03  Carrier  
  115  9:06  Probe  
  115  9:07  Probe  
  117  9:17  Sentry  
  125  9:18  Sentry  
  125  9:22  Protoss Air Weapons Level 2  
  127  9:31  Pylon  
  127  9:39  Pylon  
  127  9:41  Protoss Ground Armor Level 1  
  127  9:42  Gateway  
  127  9:43  Gateway  
  127  9:45  Pylon  
  127  9:48  Pylon  
  127  9:53  Twilight Council  
  127  9:57  Carrier  
  127  9:58  Probe  
  128  10:09  Stalker x2  
  128  10:12  Carrier  
  128  10:13  Pylon  
  132  10:20  Pylon  
  138  10:30  Stargate  
  138  10:32  Gateway  
  138  10:33  Gateway  
  144  10:39  Charge  
  144  10:49  Zealot x4  
  152  11:12  Stalker x4  
  144  11:38  Stalker  
  144  11:39  Stalker x3  
  140  11:43  Protoss Air Weapons Level 3  
  134  11:51  Protoss Ground Weapons Level 2  
  134  12:00  Carrier  
  134  12:01  Carrier  
  146  12:06  Carrier  
  152  12:18  Gateway  
  152  12:22  Gateway  
  152  12:23  Pylon  
  152  12:26  Pylon  
  152  12:27  Nexus  
  152  12:30  Pylon  
  152  12:32  Assimilator  
  152  12:36  Assimilator  
  152  12:39  Pylon  
  152  12:40  Pylon  
  152  12:44  Robotics Facility, Pylon  
  152  12:46  Pylon, Blink  
  152  12:53  Zealot x4  
  152  12:54  Zealot x2  
  152  12:57  Probe  
  165  13:12  Pylon  
  165  13:17  Templar Archives  
  165  13:18  Pylon  
  165  13:25  Zealot x6  
  177  13:28  Stalker  
  177  13:29  Stalker  
  177  13:30  Pylon  
  181  13:41  Carrier  
  181  13:45  Pylon  
  181  13:46  Probe  
  188  13:54  Probe x3  
  191  14:02  High Templar x4  
  199  14:06  Archon x2  
  199  14:07  Protoss Air Armor Level 1  
  199  14:11  Observer  
  200  14:23  Nexus  
  200  14:26  Pylon  
  200  14:28  Pylon  
  200  14:30  Assimilator  
  200  14:35  Assimilator  
  200  14:38  Pylon  
  200  14:42  Pylon  
  200  14:49  Forge, Psionic Storm  
Show
View Real Time Build Order
Export as new Build Order

Mahho Protoss 

Build Orders: Oracle Opening 

Get SALT Encoding   

  1  0:00  Probe  
  12  0:06  Probe  
  14  0:16  Probe  
  15  0:25  Pylon  
  15  0:43  Probe  
  15  0:44  Gateway  
  15  0:49  Assimilator  
  16  0:51  Assimilator  
  16  0:54  Probe  
  17  1:03  Probe  
  17  1:09  Pylon  
  17  1:11  Probe  
  19  1:22  Probe  
  20  1:33  Cybernetics Core  
  20  1:34  Probe  
  21  1:46  Probe  
  22  1:49  Gateway  
  22  1:58  Probe  
  23  2:03  Warp Gate  
  23  2:07  Pylon  
  23  2:11  Stargate  
  23  2:18  Stalker  
  25  2:28  Probe  
  26  2:38  Stalker  
  26  2:40  Probe  
  29  2:48  Stalker, Oracle  
  34  3:08  Stalker  
  36  3:21  Nexus  
  36  3:28  Stalker  
  36  3:33  Probe  
  39  3:43  Pylon  
  39  4:01  Probe  
  40  4:13  Probe  
  41  4:25  Probe  
  41  4:27  Phoenix  
  44  4:35  Probe, Pylon  
  44  4:37  Probe  
  46  4:41  Shield Battery  
  46  4:47  Probe, Pylon  
  46  4:48  Pylon  
  46  4:49  Probe  
  46  4:52  Phoenix  
  48  4:59  Probe x2  
  47  5:07  Probe  
  47  5:10  Probe  
  49  5:16  Probe, Gateway  
  49  5:17  Assimilator  
  49  5:18  Probe  
  49  5:20  Assimilator  
  50  5:26  Probe  
  50  5:28  Void Ray  
  55  5:29  Probe  
  57  5:37  Probe  
  57  5:39  Shield Battery  
  58  5:49  Forge, Probe  
  58  5:51  Forge  
  58  5:52  Probe  
  60  6:00  Probe  
  60  6:01  Protoss Ground Weapons Level 1  
  62  6:04  Probe  
  62  6:11  Probe, Gateway  
  62  6:13  Pylon  
  62  6:16  Probe  
  64  6:23  Probe  
  64  6:24  Protoss Ground Armor Level 1  
  65  6:52  Protoss Air Weapons Level 1  
  65  6:57  Robotics Facility  
  65  7:05  Stargate  
  65  7:07  Void Ray  
  69  7:09  Stalker x3  
  75  7:17  Pylon  
  75  7:23  Gateway  
  75  7:25  Gateway  
  75  7:42  Nexus  
  75  7:45  Pylon  
  75  7:46  Observer  
  75  7:47  Void Ray, Pylon  
  75  7:49  Stalker x2  
  75  7:51  Assimilator  
  80  7:54  Assimilator  
  84  8:07  Observer, Void Ray  
  89  8:24  Protoss Shields Level 1  
  89  8:30  Protoss Air Armor Level 1  
  89  8:32  Twilight Council  
  89  8:37  Void Ray  
  93  8:47  Probe x2  
  95  8:54  Void Ray  
  99  8:59  Probe x2  
  99  9:01  Probe  
  102  9:08  Immortal  
  102  9:09  Charge  
  106  9:11  Probe x2  
  106  9:15  Protoss Ground Weapons Level 2  
  108  9:28  Probe x3  
  108  9:29  Void Ray  
  115  9:37  Cybernetics Core  
  115  9:44  Void Ray  
  119  10:02  Warp Prism  
  116  10:12  Stalker x4  
  116  10:13  Stalker x2  
  130  10:27  Pylon x2  
  130  10:39  Immortal  
  130  10:44  Void Ray  
  130  10:46  Pylon  
  130  10:47  Pylon  
  130  10:49  Void Ray  
  142  10:58  Fleet Beacon  
  142  11:01  Stargate  
  142  11:11  Stalker x3  
  142  11:12  Stalker  
  140  11:26  Carrier  
  140  11:27  Carrier  
  114  11:38  Carrier  
  74  11:50  Protoss Air Weapons Level 2  
  74  11:53  Zealot x3  
  74  11:54  Zealot  
  94  11:55  Protoss Air Armor Level 2  
  92  12:14  Probe  
  93  12:26  Probe  
  93  12:27  Stargate, Graviton Catapult, Immortal  
  94  12:31  Mothership  
  106  12:45  Carrier  
  106  12:58  Nexus  
  106  13:01  Carrier  
  112  13:08  Carrier  
  124  13:34  Carrier  
  124  13:41  Protoss Shields Level 2  
  130  13:47  Assimilator  
  130  13:48  Assimilator  
  130  13:56  Probe x2  
  132  14:05  Void Ray  
  132  14:08  Probe  
  137  14:17  Carrier  
  137  14:29  Carrier  
  149  14:57  Nexus  
  116  15:27  Zealot x2  
  116  15:28  Zealot x4  
Tags
 
Add a new tag
Caveats
  • Supply blocks, unpowered buildings, or Contaminate may cause inaccurate times.
  • Supply counts are checked every 10 seconds.